 Dungeon Crawl Stone Soup version 0.24-a0-458-gfcb5e6da0e (webtiles) character file.

Game seed: 12319280241633956899

51 Mrkan the Poker (level 3, 0/28 HPs)
             Began as a Merfolk Gladiator on June 27, 2019.
             Slain by a goblin
             ... wielding a cursed +0 dagger
              (4 damage)
             ... on level 2 of the Dungeon.
             The game lasted 00:02:23 (1242 turns).

Mrkan the Poker (Merfolk Gladiator)                 Turns: 1242, Time: 00:02:23

Health: 0/28       AC:  4    Str: 14    XL:     3   Next: 81%
Magic:  3/3        EV: 14    Int:  7    God:
Gold:   70         SH:  0    Dex: 16    Spells: 2/2 levels left

rFire    . . .     SeeInvis .   a - +0 trident
rCold    . . .     Gourm    .   (no shield)
rNeg     . . .     Faith    .   b - +0 leather armour
rPois    .         Spirit   .   c - +0 helmet
rElec    .         Reflect  .   (no cloak)
rCorr    .         Harm     .   (no gloves)
MR       .....                  (no boots)
Stlth    +.........             (no amulet)
HPRegen  0.09/turn              (no ring)
MPRegen  0.08/turn              (no ring)

@: lethally poisoned (0 -> -16), hasted, very quick
A: change form in water, swift swim, stealthy swim
a: no special abilities


You were on level 2 of the Dungeon.
You were not hungry.

You visited 1 branch of the dungeon, and saw 2 of its levels.

You collected 70 gold pieces.

Inventory:

Hand Weapons
 a - a +0 trident (weapon)
Missiles
 d - 3 throwing nets (quivered)
 l - 42 stones
Armour
 b - a +0 leather armour (worn)
 c - a +0 helmet (worn)
Jewellery
 i - an uncursed amulet of rage {unknown}
Scrolls
 j - a scroll of teleportation {unknown}
Potions
 e - 4 potions of haste
 h - a potion of heal wounds {unknown}
 k - a potion of degeneration {unknown}
Comestibles
 f - 4 rations
 g - 3 chunks of flesh


   Skills:
 + Level 2.8 Fighting
 * Level 5.7 Polearms
 - Level 2.0 Throwing
 + Level 4.6 Dodging


You had 2 spell levels left.
You didn't know any spells.
Your spell library was empty.

Dungeon Overview and Level Annotations

Branches:
Dungeon (2/15)

Altars:
Ashenzari
Nemelex Xobeh


Message History

You are more poisoned.
The adder poisons you! The adder bites you.
You are more poisoned.
The adder poisons you!
It was a potion of haste.
You feel yourself speed up.
You feel sick. The adder bites you.
* * * LOW HITPOINT WARNING * * *
Okay, then.
Okay, then.
You barely miss the adder.
The adder is severely wounded.
* * * LOW HITPOINT WARNING * * *
You feel sick. The adder bites you.
* * * LOW HITPOINT WARNING * * *
You puncture the adder!
You kill the adder!
* * * LOW HITPOINT WARNING * * *
You feel sick.
The goblin hits you with a cursed +0 dagger.
You die...

#.# #.# .. #.# #.#
... #.#####.###
..h. #.#.......#
.....
#.#.###.#.###......
#...##...........#
######....(........
#g##.....#####
#@######## #(#
........# #########


You could see a goblin.

Vanquished Creatures
  An adder (D:2)
  4 leopard geckos (D:1)
  A bat (D:1)
  2 giant cockroaches (D:1)
  7 goblins
  4 hobgoblins
  4 jackals
  4 kobolds
  A ball python (D:1)
  6 rats
34 creatures vanquished.

Notes
Turn   | Place    | Note
-------+----------+-------------------------------------------
     0 | D:1      | Mrkan the Merfolk Gladiator began the quest for the Orb.
     0 | D:1      | Reached XP level 1. HP: 16/16 MP: 1/1
   153 | D:1      | Reached XP level 2. HP: 23/23 MP: 2/2
   273 | D:1      | Reached skill level 5 in Polearms
   554 | D:1      | Reached XP level 3. HP: 26/28 MP: 3/3
  1062 | D:2      | Found a sparkling altar of Nemelex Xobeh.
  1135 | D:2      | Found a shattered altar of Ashenzari.
  1242 | D:2      | Slain by a goblin

Levels and vault maps discovered:
D:1:      lemuel_arrival_muddy, layout_basic, minmay_statues_item,
          chequers_big_river
D:2:      layout_loops_ring, marbit_many_paths, lemuel_round_altar,
          nemelex_xobeh_ov_fountains_minmay, uniq_terence

Skill      XL: |  1  2 |
---------------+-------+-----
Polearms       | 5 |  5.7
Fighting       | |  2.8
Throwing       | |  2.0
Dodging        | |  4.6

Action                   || total
-------------------------++-------
Melee: Trident           ||   113
  Use: Potion            ||     1
  Eat: Chunk             ||     1
Armor: Leather armour    ||    30
Dodge: Dodged            ||    82

Table legend:
 A = Non-vault XP
 B = Vault XP
 C = Vault XP percentage of total XP
 D = Non-vault monster count
 E = Vault monster count
 F = Vault count percentage of total count
                 A         B        C        D         E       F
            +---------+---------+-------+---------+---------+-------
      Total |      73 |       0 |   0.0 |      34 |       0 |   0.0
            +---------+---------+-------+---------+---------+-------
        D:1 |      45 |       0 |   0.0 |      23 |       0 |   0.0
        D:2 |      28 |       0 |   0.0 |      11 |       0 |   0.0
            +---------+---------+-------+---------+---------+-------
